 Dungeon Crawl Stone Soup version 0.27.1-1-g398f81649c (webtiles) character file.

Game seed: 6871907681761663763

39 ZARRMARR the Conjurer (level 3, 0/23 HPs)
             Began as an Octopode Conjurer on Sept 12, 2021.
             Slain by a goblin (4 damage)
             ... led by Robin
             ... on level 2 of the Dungeon.
             The game lasted 00:02:29 (1623 turns).

ZARRMARR the Conjurer (Octopode Conjurer)           Turns: 1623, Time: 00:02:29

Health: 0/23       AC:  1    Str:  6    XL:     3   Next: 45%
Magic:  1/6        EV: 13    Int: 21    God:
Gold:   31         SH:  0    Dex: 10    Spells: 5/6 levels left

rFire    . . .     SeeInvis .   (no weapon)
rCold    . . .     Faith    .   (no shield)
rNeg     . . .     Spirit   .   (helmet restricted)
rPois    .         Reflect  .   a - amulet of magic regeneration
rElec    .         Harm     .   e - +4 ring of slaying
rCorr    .         Rampage  .   (no ring)
Will     .....                  (no ring)
Stlth    +++.......             (no ring)
HPRegen  0.07/turn              (no ring)
MPRegen  0.35/turn              (no ring)
                                (no ring)
                                (no ring)

@: no status effects
A: almost no armour, amphibious, 8 rings, camouflage 1, gelatinous body 1,
(nimble swimmer 1), tentacles
a: no special abilities


You were on level 2 of the Dungeon.
You visited 1 branch of the dungeon, and saw 2 of its levels.

You collected 31 gold pieces.

Inventory:

Jewellery
 a - an amulet of magic regeneration (around mantle)
 e - a +4 ring of slaying (left tentacle)
Scrolls
 c - a scroll of teleportation
Potions
 d - a potion of berserk rage {unknown}


   Skills:
 + Level 1.1 Fighting
 + Level 2.4 Dodging
 - Level 2.8 Stealth
 + Level 2.3 Spellcasting
 * Level 4.4 Conjurations


You had 5 spell levels left.
You knew the following spells:

 Your Spells              Type           Power      Damage    Failure   Level
a - Magic Dart            Conj           84%        1d7       2%          1

Your spell library contained the following spells:

 Spells                   Type           Power      Damage    Failure   Level
 Searing Ray              Conj           42%        3d4       3%          2
 Sting                    Tmut/Pois      8%         1d3       14%         1
 Dazzling Flash           Conj/Hex       22%        N/A       17%         3
 Poisonous Vapours        Pois/Air       4%         N/A       22%         2
 Fulminant Prism          Conj/Hex       5%         3d7       50%         4
 Iskenderun's Mystic Bla  Conj/Tloc      11%        2d4       50%         4
 Olgreb's Toxic Radiance  Pois           2%         N/A       82%         4


Dungeon Overview and Level Annotations

Branches:
Dungeon (2/15)

Altars:

Annotations:
D:2 Robin


Innate Abilities, Weirdness & Mutations

You cannot wear most types of armour.
You are amphibious.
You can wear up to eight rings at the same time.
Your skin changes colour to match your surroundings (Stealth+).
Your rubbery body absorbs attacks. (AC +1, EV +1)
((You are camouflaged near water. (Stealth+)))
You have tentacles for arms and can constrict up to eight enemies at once.


Message History

Casting: Magic Dart (safe; 2% risk of failure)
Confirm with . or Enter, or press ? or * to list all spells.
Aiming: Magic Dart (safe; 2% risk of failure)
Press: ? - help, Shift-Dir - straight line, f/p - Robin
Aim: Robin, wielding a +0 club, wearing a +0 animal skin and wearing a +0 helmet (moderately wounded, 100% to hit)
The magic dart hits Robin.
Robin is heavily wounded.
Robin roars a battlecry!
You hear a shout! x3
You closely miss Robin. Your grab misses Robin.
Robin is heavily wounded.
Robin hits you with a +0 club.
You barely miss Robin. You grab Robin.
Robin is heavily wounded.
You constrict Robin. Robin misses you.
Casting: Magic Dart (safe; 2% risk of failure)
Confirm with . or Enter, or press ? or * to list all spells.
Aiming: Magic Dart (safe; 2% risk of failure)
Press: ? - help, Shift-Dir - straight line, f/p - Robin
Aim: Robin, wielding a +0 club, wearing a +0 animal skin and wearing a +0 helmet (heavily wounded, constricted by you, 100% to hit)
The magic dart hits Robin but does no damage.
Robin is heavily wounded.
You constrict Robin, but do no damage.
A goblin comes into view. It is wielding a +0 dagger. x2
Robin hits you with a +0 club.
* * * LOW HITPOINT WARNING * * *
You tentacle-slap Robin.
Robin is heavily wounded.
You constrict Robin, but do no damage.
Robin roars a battlecry!
You hear a shout!
You tentacle-slap Robin but do no damage.
Robin is heavily wounded.
You constrict Robin.
The goblin no longer looks unusually strong.
Robin throws the goblin at you!
You tentacle-slap Robin.
Robin is severely wounded.
You constrict Robin, but do no damage. The goblin hits you with a +0 dagger.
You die...

.#......##.....[......
.>....#.....##......#..
........g.........(....
#.(....................
###.####.####..........
# #...............
#.......#.......
.###.####.####..##.#..##
......g@gg.............#
.###.####+####.#####....
.................
........###.#..##
........# #.#..#
........# #.#..#
........###.#..#
...............#.
....###.###......


You could see Robin and 2 goblins.

Vanquished Creatures
  A worm (D:2)
  2 bats
  2 endoplasms (D:1)
  5 goblins
  5 hobgoblins
  3 quokkas
  5 ball pythons (D:1)
  A frilled lizard (D:1)
  5 kobolds (D:1)
  2 rats (D:1)
31 creatures vanquished.

Notes
Turn   | Place    | Note
-------+----------+-------------------------------------------
     0 | D:1      | ZARRMARR the Octopode Conjurer began the quest for the Orb.
     0 | D:1      | Reached XP level 1. HP: 11/11 MP: 3/3
   322 | D:1      | Found a faded altar of an unknown god.
   340 | D:1      | Reached XP level 2. HP: 18/18 MP: 1/5
  1126 | D:1      | Reached XP level 3. HP: 22/22 MP: 4/6
  1254 | D:1      | Reached skill level 1 in Fighting
  1600 | D:2      | Noticed Robin
  1623 | D:2      | Slain by a goblin

Illustrated notes

Levels and vault maps discovered:
D:1:      dpeg_arrival_arbitrary_a, layout_basic,
          shapermc_ecumenical_altar_venn, chequers_serial_rivers_micro_d
D:2:      minmay_thinvault, layout_basic, uniq_robin

Skill      XL: |  1  2  3 |
---------------+----------+-----
Fighting       | 1 |  1.1
Dodging        | |  2.4
Stealth        | |  2.8
Spellcasting   | |  2.3
Conjurations   | |  4.4

Action                   || total
-------------------------++-------
Melee: Unarmed           ||    14
       Constrict         ||     3
       Tentacles         ||     1
 Cast: Magic Dart        ||    62
  Use: Scroll            ||     2
Armor: Skin              ||     1
Dodge: Dodged            ||    12
